 Dungeon Crawl Stone Soup version 0.16.0-11-gd45b091 (webtiles) character file.

65 talyn the Chucker (level 4, -1/44 HPs)
             Began as an Ogre Hunter on Mar 18, 2015.
             Slain by a gnoll
             ... wielding a +0 spear
              (3 damage)
             ... on level 2 of the Dungeon.
             The game lasted 00:05:52 (1455 turns).

talyn the Chucker (Ogre Hunter)                     Turns: 1455, Time: 00:05:52

Health: -1/44      AC:  3    Str: 17    XL:     4   Next: 14%
Magic:  4/4        EV: 10    Int: 10    God:
Gold:   91         SH:  0    Dex: 11    Spells: 0 memorised, 3 levels left

rFire  . . .     SeeInvis .     a - +0 mace
rCold  . . .     Clarity  .     d - +0 animal skin
rNeg   . . .     SustAb   .     (shield restricted)
rPois  .         Gourm    .     (helmet restricted)
rElec  .         Spirit   .     (no cloak)
rCorr  .         Warding  .     (gloves unavailable)
rMut   +         Stasis   .     (boots unavailable)
MR     .....                    k - amulet of resist mutation
Stlth  +.........               (no ring)
                                (no ring)

@: not resistant to hostile enchantments, very unstealthy
A: unfitting armour, tough skin 1
a: no special abilities


You were on level 2 of the Dungeon.
You were full.

You visited 1 branch of the dungeon, and saw 2 of its levels.

You collected 91 gold pieces.

Inventory:

Hand weapons
 a - a +0 mace (weapon)
Missiles
 c - 2 throwing nets
 m - 3 large rocks (quivered)
Armour
 d - a +0 animal skin (worn)
Jewellery
 k - an amulet of resist mutation (around neck)
Magical devices
 n - a wand of frost (26)
Potions
 h - a potion of restore abilities {unknown}
 l - 2 potions of haste {unknown}
Comestibles
 g - a beef jerky
 j - 2 bread rations
 o - a royal jelly


   Skills:
 - Level 2.6 Fighting
 * Level 1.1 Maces & Flails
 - Level 5.5 Throwing
 + Level 2.4 Dodging
 - Level 0.7 Stealth


You had 3 spell levels left.
You didn't know any spells.

Dungeon Overview and Level Annotations

Branches:
Dungeon (2/15)

Altars:


Innate Abilities, Weirdness & Mutations

You are too large for most types of armour.
You have tough skin (AC +1).


Message History

The gnoll is moderately wounded.
The gnoll hits you with a whip.
The gnoll hits you from afar with a spear.
The gnoll hits you with a club. The gnoll misses you.
You barely miss the gnoll.
The gnoll is moderately wounded.
The gnoll hits you but does no damage. The gnoll closely misses you.
The gnoll barely misses you.
The gnoll hits you from afar with a spear!
You hit the gnoll!
You kill the gnoll!
Your Maces & Flails skill increases to level 1!
You have reached level 4!
The gnoll barely misses you.
The gnoll hits you from afar with a spear.
* * * LOW HITPOINT WARNING * * *
The gnoll hits you with a club!
* * * LOW HITPOINT WARNING * * *
The gnoll hits you from afar with a spear.
You die...

#.#######[#.#.#.#############
#####.#..........................
.......>..............gg.........
#.###.#######.#.#.#.###..........
#.#...#### #.#.#.#.# #.....##...
#.#.##...####[#.#.#.# #.....##...
#.#...........#.#g#.###.....##...
#.#..#...######.#g...##.....###..
#.#..#..........@)......##### #..
#.#..#...######)#.......# #..
#.#..#..........#.......# ###
#.#..##.#.#######.#.#####
#.#.....#)# #.#.# #.##.####.#
#.#.# # #....# #.# #.#.# # #.####
#.# #.#.# # ### #.# #.#.# #


You could see 2 gnolls.

Vanquished Creatures
  An adder (D:2)
  A gnoll (D:2)
  2 giant geckos
  An ooze (D:1)
  3 giant cockroaches
  7 goblins
  3 hobgoblins
  5 jackals
  4 kobolds
  5 bats
  4 rats
36 creatures vanquished.

Notes
Turn   | Place    | Note
--------------------------------------------------------------
     0 | D:1      | talyn, the Ogre Hunter, began the quest for the Orb.
     0 | D:1      | Reached XP level 1. HP: 22/22 MP: 1/1
   133 | D:1      | Reached XP level 2. HP: 29/29 MP: 2/2
   254 | D:1      | Reached skill level 5 in Throwing
   508 | D:1      | Reached XP level 3. HP: 36/36 MP: 3/3
   537 | D:1      | You fall through a shaft!
  1454 | D:2      | Reached skill level 1 in Maces & Flails
  1454 | D:2      | Reached XP level 4. HP: 15/44 MP: 4/4
  1455 | D:2      | HP: 2/44 [gnoll/club (10)]
  1455 | D:2      | Slain by a gnoll

Action                   |  1- 3 |  4- 6 || total
-------------------------+-------+-------++-------
Melee: Short sword       |    33 |       ||    33
       Mace              |    24 |       ||    24
Throw: Large rock        |    31 |       ||    31
       Throwing net      |     3 |       ||     3
  Use: Scroll            |     1 |       ||     1
  Eat: Meat ration       |     1 |       ||     1
       Chunk             |     1 |       ||     1
